AoeStats
← 小白

Arabia

506361660Analyzed
4v4 RM · 20d ago on Sep 13, 2026· 23m 6s· 8 players
Game mode
Random Map
Map size
Large (8 player)
Population
200
Speed
Normal
Resources
Standard
Victory
Conquest
Starting age
Dark Age
Ending age
Imperial Age
RankedLock teamsTeams togetherTeam positionsShared explorationLock speedFull tech treeHidden civsTurbo modeCheats
Victory
Defeat
🇹🇼 Ethiopians · Taiwan
1998
+6
🇹🇼 Britons · Taiwan
1899
+8
🇹🇼 Khmer · Taiwan
1843
+10
🇹🇼 Franks · Taiwan
1737
+14
🇦🇹 Franks · Austria
1766
-11
🇨🇳 Mongols · China
1756
-11
🇨🇳 Slavs · China
1680
-8
🇦🇺 Ethiopians · Australia
1674
-8
十大地方
6:27 Loom
8:42 Feudal Age
9:31 Double-Bit Axe
13:07 Gold Mining
15:42 Fletching
15:38 Town Watch
19:41 Padded Archer Armor
23:41 Castle Age
兰博基尼
6:30 Loom
8:49 Feudal Age
9:25 Double-Bit Axe
9:32 Horse Collar
14:19 Scale Barding Armor
17:09 Wheelbarrow
20:09 Forging
23:40 Castle Age
22:56 Bloodlines
22:40 Gold Mining
Fritz Fantom
6:00 Loom
6:18 Loom
8:33 Feudal Age
9:07 Double-Bit Axe
15:05 Scale Barding Armor
ClockWork
6:37 Loom
8:44 Feudal Age
18:03 Fletching
22:12 Double-Bit Axe
[TNT] KKKFFFFFFCC
5:43 Loom
8:28 Feudal Age
11:38 Fletching
22:34 Castle Age
20:46 Double-Bit Axe
21:28 Gold Mining
22:04 Padded Archer Armor
23:14 Bodkin Arrow
22:39 Crossbowman
小蜜蜂
6:26 Loom
8:49 Feudal Age
9:39 Double-Bit Axe
15:12 Scale Barding Armor
17:13 Wheelbarrow
22:02 Castle Age
20:19 Gold Mining
21:04 Forging
22:46 Husbandry
23:07 Chain Barding Armor
22:58 Bow Saw
23:01 Light Cavalry
小白
8:52 Feudal Age
9:29 Double-Bit Axe
11:17 Horse Collar
12:01 Loom
12:59 Bloodlines
15:25 Scale Barding Armor
18:00 Wheelbarrow
18:03 Forging
21:14 Gold Mining
老天鵝
6:17 Loom
8:57 Feudal Age
10:07 Double-Bit Axe
12:57 Fletching
21:26 Castle Age
20:26 Gold Mining
21:03 Horse Collar
22:03 Bodkin Arrow
21:30 Crossbowman
22:22 Bow Saw
Connection lost

Rejoining the realm…

Still unreachable

The connection could not be restored.

Session expired

The server has moved on; the page needs a fresh start.